 Dungeon Crawl Stone Soup version 0.27-a0-1188-g73eefd5def (webtiles) character file.

Game seed: 7542782102805687628

91 leviel the Skirmisher (level 4, -1/41 HPs)
             Began as a Hill Orc Monk on May 21, 2021.
             Slain by an adder (4 damage)
             ... on level 2 of the Dungeon.
             The game lasted 00:02:31 (2298 turns).

leviel the Skirmisher (Hill Orc Monk)               Turns: 2298, Time: 00:02:32

Health: -1/41      AC:  2    Str: 13 (14) XL:     4   Next: 59%
Magic:  4/4        EV: 12    Int:  7 (10) God:
Gold:   53         SH:  0    Dex: 12 (13) Spells: 3/3 levels left

rFire    . . .     SeeInvis .   a - +0 falchion
rCold    . . .     Faith    .   (no shield)
rNeg     . . .     Spirit   .   b - +0 robe
rPois    .         Reflect  .   (no helmet)
rElec    .         Harm     .   (no cloak)
rCorr    .         Rampage  .   (no gloves)
Will     .....                  (no boots)
Stlth    ++........             (no amulet)
HPRegen  0.13/turn              (no ring)
MPRegen  0.09/turn              (no ring)

@: lethally poisoned (-1 -> -9)
A: no striking features
a: no special abilities


You were on level 2 of the Dungeon.
You visited 1 branch of the dungeon, and saw 2 of its levels.

You collected 53 gold pieces.

Inventory:

Hand Weapons
 a - a +0 falchion (weapon)
Missiles
 g - 2 throwing nets (quivered)
Armour
 b - a +0 robe (worn)
Jewellery
 d - an amulet of the acrobat
Scrolls
 c - 3 scrolls of identify {unknown}
 e - a scroll of amnesia {unknown}
 f - a scroll of enchant armour {unknown}
 h - a scroll of vulnerability {unknown}


   Skills:
 + Level 4.5 Fighting
 + Level 4.5 Long Blades
 + Level 2.7 Dodging
 + Level 2.1 Stealth


You had 3 spell levels left.
You didn't know any spells.
Your spell library was empty.

Dungeon Overview and Level Annotations

Branches:
Dungeon (2/15)

Altars:


Message History

You feel sick. The adder bites you.
You are more poisoned.
The adder poisons you!
You miss the adder.
The adder is moderately wounded.
You feel sick. The adder closely misses you.
You riposte.
You hit the adder.
The adder is severely wounded.
You miss the adder.
The adder is severely wounded.
You feel sick. The adder bites you.
You are more poisoned.
The adder poisons you! The adder barely misses you.
You riposte.
You hit the adder.
The adder is almost dead.
You hit the adder but do no damage.
The adder is almost dead.
You feel sick. The adder bites you.
You are lethally poisoned!
The adder poisons you!
You closely miss the adder.
The adder is almost dead.
* * * LOW HITPOINT WARNING * * *
You feel very sick. The adder bites you.
* * * LOW HITPOINT WARNING * * *
You are more poisoned.
The adder poisons you! The adder closely misses you.
You riposte.
You closely miss the adder.
The adder is almost dead.
You closely miss the adder.
The adder is almost dead.
* * * LOW HITPOINT WARNING * * *
You feel very sick. The adder closely misses you.
You hit the adder.
The adder is almost dead.
* * * LOW HITPOINT WARNING * * *
You feel very sick. The adder bites you.
You die...

#### ### # .#.##.#
.# .....##.###. #
#....... ...
#.#...... .... ...
... >....
####.##S##..##.
.......@.......
.#####.##......#.
.................
.................
........♣♣##.#.#.
♣#####..♣♣ .# #
##♣♣..♣♣ .#.#.#.#.
♣.♣.♣..♣♣.(.......
♣♣
♣.♣.♣...#....#.#.


You could see an adder.

Vanquished Creatures
  3 gnolls (D:2)
  2 dart slugs (D:1)
  3 ball pythons (D:2)
  4 bats
  4 endoplasms
  5 goblins
  4 hobgoblins
  8 jackals (D:2)
  2 kobolds (D:2)
  9 quokkas
  A frilled lizard (D:1)
  4 rats
49 creatures vanquished.

Vanquished Creatures (others)
  47 plants (D:2)
47 creatures vanquished.

Grand Total: 96 creatures vanquished

Notes
Turn   | Place    | Note
-------+----------+-------------------------------------------
     0 | D:1      | leviel the Hill Orc Monk began the quest for the Orb.
     0 | D:1      | Reached XP level 1. HP: 19/19 MP: 1/1
    50 | D:1      | Found a faded altar of an unknown god.
   360 | D:1      | Reached XP level 2. HP: 26/27 MP: 2/2
   802 | D:1      | Reached XP level 3. HP: 27/33 MP: 3/3
  1540 | D:2      | Reached XP level 4. HP: 22/41 MP: 4/4
  2298 | D:2      | Slain by an adder

Illustrated notes

Levels and vault maps discovered:
D:1:      dpeg_arrival_arbitrary_b, layout_basic, basic_ecumenical_altar,
          minmay_heptomino_d4
D:2:      wad_woods_settlement, layout_basic

Skill      XL: |  1  2  3 |
---------------+----------+-----
Fighting       | 4 |  4.5
Long Blades    | 4 |  4.5
Stealth        | 2 |  2.1
Dodging        | |  2.7

Action                   |  1- 3 |  4- 6 || total
-------------------------+-------+-------++-------
Melee: Falchion          |   106 |    62 ||   168
  Use: Potion            |       |     1 ||     1
 Stab: Sleeping          |     6 |       ||     6
Armor: Robe              |    15 |    11 ||    26
Dodge: Dodged            |    79 |    53 ||   132
       Rpst.: Falchion   |    23 |    24 ||    47

Table legend: (Time is in decaauts)
 A = Elapsed time spent in this place.
 B = Non-inter-level travel time spent in this place.
 C = Inter-level travel time spent in this place.
 D = Time resting spent in this place.
 E = Time spent auto-exploring this place.
 F = Levels seen in this place.
 G = Mean time per level.
                   A        B        C        D        E       F      G
               +--------+--------+--------+--------+--------+-----+--------+
         Total |   2313 |   2279 |     34 |    201 |   1722 |   2 | 1156.5 |
       Dungeon |   2313 |   2279 |     34 |    201 |   1722 |   2 | 1156.5 |
               +--------+--------+--------+--------+--------+-----+--------+

Top non-repeatable levels by time:
     D:2: 1164 daAuts
     D:1: 1149 daAuts
